 Dungeon Crawl Stone Soup version 0.29.1-15-g9cfb28693d (webtiles) character file.

Game seed: 14119502412328842763

13778 booth the Cleaver (level 11, -24/86 HPs)
             Began as a Demonspawn Gladiator on Mar 18, 2023.
             Was an Initiate of Gozag.
             Annihilated by Donald
             ... wielding a +0 long sword
              (41 damage)
             ... on level 2 of the Orcish Mines on Mar 19, 2023.
             The game lasted 01:26:55 (11288 turns).

booth the Cleaver (Demonspawn Gladiator)           Turns: 11288, Time: 01:26:56

Health: -24/86     AC: 10    Str: 19    XL:     11   Next: 80%
Magic:  11/11      EV: 16    Int: 11    God:    Gozag
Gold:   1511       SH:  4    Dex: 18    Spells: 10/10 levels left

rFire   . . .      SeeInvis .   T - +4 war axe
rCold   + + .      Faith    .   (no shield)
rNeg    . . .      Spirit   .   u - +0 leather armour "Ysan" {rC++ Int+2 Dex+3}
rPois   +          Reflect  .   c - +0 helmet
rElec   .          Harm     .   B - +0 cloak {Will+}
rCorr   .          Rampage  .   (no gloves)
Will    +....                   (no boots)
Stlth   +.........              (no amulet)
HPRegen 0.24/turn               m - ring of poison resistance
MPRegen 0.12/turn               t - +4 ring of protection

@: gold aura
A: hooves 1, large bone plates 1, powered by death 2, spiny 2
a: Renounce Religion, Potion Petition, Call Merchant, Bribe Branch


You were on level 2 of the Orcish Mines.
You worshipped Gozag.
Gozag was most pleased with you.
You visited 2 branches of the dungeon, and saw 12 of its levels.
You also visited: Bailey.

You collected 2612 gold pieces.
You spent 348 gold pieces at shops.
You paid 753 gold pieces to Gozag.

Inventory:

Hand Weapons
 b - the +8 broad axe of the Meager God {freeze, rN+ SInv}
   (You acquired it on level 3 of the Dungeon)

   It freezes those it strikes, dealing additional cold damage.
   It can also slow down cold-blooded creatures.
   rN:        It protects you from negative energy.
   SInv:      It lets you see invisible.
 f - the +7 hand axe "Miytecyr" {vorpal, Int+2}
   (You found it on level 2 of the Dungeon)

   It inflicts extra damage upon your enemies.
   Int:       It affects your intelligence (+2).
 N - a +2 mace of draining
 R - a +6 great mace of draining
 T - a +4 war axe (weapon)
 W - a +2 flail of protection
Missiles
 d - 5 throwing nets (quivered)
 e - a javelin
 o - 27 poisoned darts
 r - 5 atropa-tipped darts
 G - 10 boomerangs
Armour
 c - a +0 helmet (worn)
 k - a +1 pair of boots
 l - a +0 ring mail
 u - the +0 leather armour "Ysan" (worn) {rC++ Int+2 Dex+3}
   (You found it on level 2 of the Dungeon)

   Int:       It affects your intelligence (+2).
   Dex:       It affects your dexterity (+3).
   rC:        It greatly protects you from cold.
 y - a +2 cloak
 z - the -2 pair of gloves of Osirph {rElec Str-5 Int+5 Stlth+}
   (You bought it in a shop on level 9 of the Dungeon)

   Str:       It affects your strength (-5).
   Int:       It affects your intelligence (+5).
   rElec:     It insulates you from electricity.
   Stlth:     It makes you more stealthy.
 B - a +0 cloak of willpower (worn)
 J - +0 acid dragon scales
 Q - the +0 buckler of Fortification {Str+2}
   (You found it in a bailey)

   Str:       It affects your strength (+2).
 U - a +2 leather armour of poison resistance
 V - a +0 ring mail of cold resistance
Jewellery
 m - a ring of poison resistance (left hand)
 t - a +4 ring of protection (right hand)
 C - a ring of magical power
Wands
 O - a wand of flame (6)
Scrolls
 a - 3 scrolls of fog
 j - a scroll of poison
 p - 3 scrolls of immolation
 q - a scroll of amnesia
 w - 3 scrolls of vulnerability
 A - 5 scrolls of teleportation
 I - a scroll of noise {unknown}
 K - 3 scrolls of enchant weapon
 L - 2 scrolls of blinking {unknown}
 M - a scroll of magic mapping {unknown}
 S - a scroll of acquirement
Potions
 g - 2 potions of ambrosia
 h - 4 potions of resistance
 i - 6 potions of curing
 n - 2 potions of haste
 s - a potion of cancellation
 v - 2 potions of attraction
 x - 3 potions of magic
 D - a potion of mutation {unknown}
 E - a potion of brilliance
 F - a potion of flight
 H - 3 potions of heal wounds
 P - a potion of lignification {unknown}


   Skills:
 + Level 8.0 Fighting
 + Level 10.6 Axes
 * Level 0.0(6.6) Maces & Flails
 + Level 7.3 Throwing
 + Level 7.1 Armour
 + Level 7.7 Dodging
 + Level 2.1 Shields


You had 10 spell levels left.
You didn't know any spells.
Your spell library contained the following spells:

 Spells                   Type           Power      Damage    Failure   Level
 Apportation              Tloc           0%         N/A       38%         1
 Necrotise                Necr           0%         1d4       38%         1
 Summon Small Mammal      Summ           0%         N/A       38%         1
 Ensorcelled Hibernation  Hex/Ice        0%         N/A       52%         2
 Gell's Gravitas          Tloc           0%         N/A       77%         3
 Inner Flame              Hex/Fire       0%         N/A       77%         3
 Spider Form              Tmut/Pois      0%         N/A       77%         3
 Teleport Other           Tloc           0%         N/A       77%         3
 Tukima's Dance           Hex            0%         N/A       77%         3
 Anguish                  Hex/Necr       0%         N/A       99%         4
 Cause Fear               Hex            0%         N/A       99%         4
 Passage of Golubria      Tloc           0%         N/A       99%         4
 Summon Ice Beast         Ice/Summ       0%         N/A       99%         4
 Summon Mana Viper        Hex/Summ       0%         N/A       100%        5
 Yara's Violent Unravell  Hex/Tmut       0%         3d3       100%        5
 Dispersal                Tloc           0%         N/A       100%        6
 Monstrous Menagerie      Summ           0%         N/A       100%        7
 Discord                  Hex            0%         N/A       100%        8


Dungeon Overview and Level Annotations

Branches:
Dungeon (10/15)            Temple (0/1) D:6            Lair (0/5) D:10
    Orc (2/2) D:10         Bailey (visited)
    Elf: Orc:2

Altars:
Ashenzari
Dithmenos
Gozag
Kikubaaqudgha
Qazlal
Ru
Trog
Vehumet
Xom

Shops:
D:4 (   D:6 *   D:9 ([   Orc:1 *

Annotations:
Orc:2 Donald


Innate Abilities, Weirdness & Mutations

You have large cloven feet.
You are partially covered in large bone plates. (SH +4)
You regenerate health from kills.
You are mostly covered in sharp spines.


Message History

You now have 1457 gold pieces (gained 21).
Found 8 gold pieces.
You now have 1483 gold pieces (gained 26).
You now have 1491 gold pieces (gained 8).
Found 12 gold pieces.
Found 8 gold pieces.
You now have 1503 gold pieces (gained 12).
You now have 1511 gold pieces (gained 8).
There is a stone staircase leading down here.
T - a +4 war axe (weapon)
You climb downwards.
Level annotation: Donald The orc shouts!
Donald casts a spell.
Donald seems to speed up.
You block the orc's attack. The orc warrior barely misses you.
Donald says, "I'll never be able to carry all this gold!
I hate that."
Donald is struck by your spines. Donald hits you with a +0 long sword!!
The orc shouts!
There is a stone staircase leading up, spattered with blood here.
You hit Donald. Donald blocks your attack.
Donald is lightly wounded.
You hit the orc. You hit the orc warrior.
Donald gestures wildly while chanting.
Donald seems to grow stronger.
The orc warrior misses you. The orc is struck by your spines.
You kill the orc!
Donald blocks your attack. x2
Donald is lightly wounded.
You hit the orc warrior. You hit the orc wizard. You hit the orc.
You kill the orc!
Donald is struck by your spines. Donald hits you with a +0 long sword!!
Donald hits you with a +0 long sword!
* * * LOW HITPOINT WARNING * * *
The orc warrior is struck by your spines.
The orc warrior hits you with a +0 dire flail.
* * * LOW HITPOINT WARNING * * *
Donald hits you with a +0 long sword!!!
You die...
Your body crumbles into a pile of gold.

#......................
##........... .
###........... .. .
##..[[....... ...
#...[[...#.## ....
##........####.... $
##..#......#.....
#...#.........# $
#...#..@@o....## .
##.#...ooo.....#..
...#.#...o...$...
##.####....o...... ##
#...o.o......
##.##........
##.......... ...#......
...........


You could see Donald (fast, strong, reflecting), 2 orc warriors, 3 orc wizards
and 3 orcs.

Vanquished Creatures
  Harold (Orc:1)
  2 two-headed ogres
  An orc knight (D:10)
  An orc sorcerer (D:10)
  Maggie (D:7)
  2 kobold demonologists (Bailey)
  2 komodo dragons (D:10)
  3 trolls
  2 hornets (D:9)
  A wyvern (D:9)
  A wraith (D:8)
  A shadow (D:8)
  8 yaks
  2 water moccasins
  25 orc warriors
  Duvessa (D:4)
  A sky beast (D:7)
  2 ice beasts
  5 black bears
  7 ogres
  2 centaurs
  A phantom (D:5)
  9 bullfrogs
  3 necrophages
  A gnoll sergeant (D:7)
  2 scorpions
  9 wights (D:9)
  Dowan (D:4)
  5 electric eels
  A howler monkey (D:4)
  12 orc priests
  3 hounds
  Crazy Yiuf (D:5)
  A gnoll bouda (D:6)
  Ijyb (D:5)
  4 iguanas
  11 orc wizards
  8 adders
  15 gnolls
  3 shadow imps
  A white imp (D:5)
  An ufetubus (D:4)
  3 dart slugs
  53 orcs
  2 bats (D:1)
  2 bat zombies (D:5)
  2 endoplasms
  4 giant cockroaches
  8 hobgoblins
  4 jackals
  3 quokkas
  2 training dummies (D:4)
  11 ball pythons
  6 frilled lizards
  11 goblins
  5 kobolds
  5 rats
  A rat zombie (D:5)
286 creatures vanquished.

Vanquished Creatures (others)
  An orc priest (Orc:1)
  A bat (D:1)
  41 fungi
  29 plants
72 creatures vanquished.

Grand Total: 358 creatures vanquished

Notes
Turn   | Place    | Note
-------+----------+-------------------------------------------
     0 | D:1      | booth the Demonspawn Gladiator began the quest for the Orb.
     0 | D:1      | Reached XP level 1. HP: 16/16 MP: 1/1
   396 | D:1      | Gained mutation: You are partially covered in sharp spines.
                  | [demonic ancestry]
   396 | D:1      | Reached XP level 2. HP: 15/22 MP: 2/2
   517 | D:1      | Reached skill level 3 in Axes
   815 | D:2      | Identified the +7 hand axe "Miytecyr" {vorpal, Int+2}
   848 | D:2      | Reached skill level 1 in Armour
   848 | D:2      | Gained mutation: You regenerate a little health from kills.
                  | [demonic ancestry]
   848 | D:2      | Reached XP level 3. HP: 20/27 MP: 3/3
  1184 | D:2      | Identified the +0 leather armour "Ysan" {rC++ Int+2 Dex+3}
  1651 | D:3      | Found a sacrificial altar of Ru.
  1675 | D:3      | Gained mutation: You are partially covered in large bone
                  | plates. (SH +4) [demonic ancestry]
  1675 | D:3      | Reached XP level 4. HP: 34/34 MP: 4/4
  1744 | D:3      | Found a shimmering altar of Xom.
  1964 | D:3      | Found a faded altar of an unknown god.
  2110 | D:3      | Found an opulent altar of Gozag.
  2207 | D:3      | Became a worshipper of Gozag Ym Sagoz the Greedy
  2209 | D:3      | Identified a scroll of acquirement
  2211 | D:3      | Acquired the +8 broad axe of the Meager God {freeze, rN+
                  | SInv}
  2253 | D:4      | Gained mutation: You are mostly covered in sharp spines.
                  | [demonic ancestry]
  2253 | D:4      | Reached XP level 5. HP: 39/39 MP: 5/5
  2278 | D:4      | Reached skill level 4 in Axes
  2513 | D:4      | Reached XP level 6. HP: 47/47 MP: 6/6
  2607 | D:4      | Noticed Dowan
  2614 | D:4      | Killed Dowan
  2640 | D:4      | Noticed Duvessa
  2651 | D:4      | Killed Duvessa
  2652 | D:4      | Reached XP level 7. HP: 17/52 MP: 7/7
  2930 | D:4      | Found Nauqatei's Weapon Shop.
  3005 | D:4      | Found a bloodstained altar of Trog.
  3013 | D:4      | Reached skill level 5 in Axes
  3235 | D:5      | Entered Level 5 of the Dungeon
  3343 | D:5      | Found a stormy altar of Qazlal.
  3485 | D:5      | Reached XP level 8. HP: 55/60 MP: 8/8
  3559 | D:5      | Found a runed translucent door.
  3560 | D:5      | Noticed Crazy Yiuf
  3566 | D:5      | Killed Crazy Yiuf
  3689 | D:5      | Found a shadowy altar of Dithmenos.
  3753 | D:5      | Noticed Ijyb
  3764 | D:5      | Killed Ijyb
  3765 | D:5      | Reached skill level 6 in Axes
  4052 | D:5      | Found an ancient bone altar of Kikubaaqudgha.
  4513 | D:6      | Found a staircase to the Ecumenical Temple.
  4533 | D:6      | Reached skill level 5 in Dodging
  4572 | D:6      | Found Wakyun's General Store.
  4595 | D:6      | Bought a scroll of identify for 28 gold pieces
  4806 | D:6      | You fall into a shaft and drop 2 floors!
  4885 | D:8      | Reached skill level 5 in Fighting
  4885 | D:8      | Reached XP level 9. HP: 60/68 MP: 9/9
  4891 | D:8      | Reached skill level 7 in Axes
  5159 | D:8      | Reached skill level 5 in Throwing
  5374 | D:7      | Found a radiant altar of Vehumet.
  5435 | D:7      | Noticed Maggie
  5457 | D:7      | Killed Maggie
  5458 | D:7      | Reached skill level 5 in Armour
  5750 | D:7      | Reached skill level 8 in Axes
  6476 | D:8      | Gained mutation: You have large cloven feet. [demonic
                  | ancestry]
  6476 | D:8      | Reached XP level 10. HP: 55/76 MP: 10/10
  7371 | D:9      | Paralysed by a hornet for 1 turns
  7565 | D:9      | Noticed a two-headed ogre
  7601 | D:9      | Killed a two-headed ogre
  7809 | D:9      | Bought a pair of warped gloves for 218 gold pieces
  7809 | D:9      | Identified the -2 pair of gloves of Osirph {rElec Str-5
                  | Int+5 Stlth+} (You bought it in a shop on level 9 of the
                  | Dungeon)
  8000 | D:9      | Reached skill level 9 in Axes
  8162 | D:9      | Found Amudiuch's Weapon Boutique.
  8202 | D:9      | Bought 3 poisoned darts for 14 gold pieces
  8202 | D:9      | Bought 5 atropa-tipped darts for 36 gold pieces
  8541 | D:10     | Entered Level 10 of the Dungeon
  8876 | D:10     | Found a staircase to the Lair.
  8877 | D:10     | Noticed a two-headed ogre
  8898 | D:10     | Gained mutation: You regenerate health from kills. [demonic
                  | ancestry]
  8898 | D:10     | Reached XP level 11. HP: 84/84 MP: 11/11
  8917 | D:10     | Killed a two-headed ogre
  8956 | D:10     | Found a flagged portal.
  8970 | D:10     | Noticed a centaur warrior
  9006 | Bailey   | Entered a bailey
  9208 | Bailey   | Found an iron altar of Okawaru.
  9220 | Bailey   | Noticed a soul eater
  9227 | Bailey   | Reached skill level 10 in Axes
  9326 | Bailey   | Identified the +0 buckler of Fortification {Str+2}
  9898 | D:10     | Found a staircase to the Orcish Mines.
  9903 | D:10     | Found a broken altar of Ashenzari.
  9962 | Orc:1    | Entered Level 1 of the Orcish Mines
  9962 | Orc:1    | Noticed an orc sorcerer
  9964 | Orc:1    | Noticed an orc knight
  9995 | D:10     | Killed an orc knight
  9996 | D:10     | Reached skill level 1 in Shields
 10022 | D:10     | Killed an orc sorcerer
 10329 | Orc:1    | Found Deim Vopno's General Store.
 10361 | Orc:1    | Bought a potion of curing for 39 gold pieces
 10361 | Orc:1    | Bought 2 boomerangs for 13 gold pieces
 10611 | Orc:2    | Entered Level 2 of the Orcish Mines
 10990 | Orc:2    | Noticed Donald
 11000 | Orc:1    | Noticed Harold
 11030 | Orc:1    | Killed Harold
 11099 | Orc:1    | Found a radiant altar of Vehumet.
 11288 | Orc:2    | Annihilated by Donald

Illustrated notes

Levels and vault maps discovered:
D:1:      wander_arrival_lonely_grave, layout_rooms
D:2:      layout_loops_ring
D:3:      layout_rooms, mainiacjoe_overflow_alcove_4,
          nicolae_ru_great_annihilating_truth, mainiacjoe_overflow_brackets,
          general_overflow_altar, shapermc_ecumenical_altar_mp_ritualfount
D:4:      dreamdust_elfheim, layout_basic, mainiacjoe_overflow_alcove_2,
          serial_shops, nicolae_shop_bloodbath_and_beyond
D:5:      layout_basic, nicolae_overflow_crystal_walls, kennysheep_little_box,
          lemuel_zombie_altar_kikubaaqudgha, uniq_duvessa, uniq_ijyb,
          uniq_crazy_yiuf_cottage
D:6:      layout_loops_ring, minmay_temple_entry_large_hall, serial_shops,
          nicolae_shop_advertising_works [nicolae_subvault_shop_adworks]
D:7:      layout_cave_pools, kennysheep_mini_moat, uniq_maggie
D:8:      layout_basic, grunt_ministairs_10
D:9:      layout_basic, serial_shops, shop
D:10:     layout_loops_ring, cheibrodos_ashenzari_chains,
          due_lair_maze_entry_diamond, minmay_orc_entry_temple_small,
          enter_bailey_2, minmay_diamond_spiral
Orc:1:    layout_caves, serial_shops, nicolae_shop_window_shopping, basic_altar,
          uniq_harold
Orc:2:    pf_orc_diabolical, layout_caves, basic_altar, uniq_donald

Skill      XL: |  1  2  3  4  5  6  7  8  9 10 11 |
---------------+----------------------------------+-----
Axes           | 3 4 5 6 8 9 10 | 10.6
Throwing       | 2 3 4 5 6 7 |  7.3
Armour         | 1 2 3 4 5 6 7 |  7.1
Dodging        | 3 4 5 6 7 |  7.7
Fighting       | 3 4 5 6 7 8 |  8.0
Shields        | 2 |  2.1

Action                   |  1- 3 |  4- 6 |  7- 9 | 10-12 || total
-------------------------+-------+-------+-------+-------++-------
Melee: War axe           |    43 |       |       |     2 ||    45
       Hand axe          |    18 |    55 |   206 |   371 ||   650
       Punch             |       |       |     5 |     9 ||    14
       Kick              |       |       |       |   130 ||   130
Throw: Javelin           |     1 |       |     1 |     3 ||     5
       Dart              |       |       |       |    12 ||    12
       Throwing net      |       |       |       |     4 ||     4
Invok: Call Merchant     |       |       |       |     1 ||     1
Evoke: Wand              |       |       |       |     3 ||     3
  Use: Scroll            |     7 |     2 |     6 |     4 ||    19
       Potion            |       |     1 |     2 |     1 ||     4
 Stab: Sleeping          |       |     1 |     1 |     1 ||     3
       Paralysed         |       |     1 |       |       ||     1
       Distracted        |       |       |       |     2 ||     2
Armor: Leather armour    |    19 |    13 |    38 |    52 ||   122
Dodge: Dodged            |    40 |    26 |   120 |   195 ||   381
Block: Other             |       |     7 |    38 |    55 ||   100
